 Dungeon Crawl Stone Soup version 0.31-a0-667-g39726597b9 (webtiles) character file.

Game seed: 3747755513992409021

238 Revguard the Trooper (level 6, -5/49 HPs)
             Began as a Barachi Fighter on Sept 4, 2023.
             Slain by a gnoll
             ... wielding a +0 halberd
              (10 damage)
             ... on level 3 of the Dungeon.
             The game lasted 00:03:35 (1445 turns).

Revguard the Trooper (Barachi Fighter)              Turns: 1445, Time: 00:03:36

Health: -5/49      AC:  8    Str: 20    XL:     6   Next: 7%
Magic:  7/7        EV: 10    Int:  8    God:
Gold:   190        SH:  4    Dex: 11    Spells: 5/5 levels left

rFire   . . .        a - +0 war axe
rCold   . . .        c - +0 buckler
rNeg    . . .        b - +0 scale mail
rPois   .            (no helmet)
rElec   .            (no cloak)
rCorr   .            f - +0 pair of gloves
SInv    .            (no boots)
Will    .....        (no amulet) Stlth
                     (no ring)
HPRegen 0.28/turn    (no ring)
MPRegen 0.10/turn

%: no passive effects
@: slow
A: amphibious, slowness 1, strong legs 1, +LOS
a: Hop


You were on level 3 of the Dungeon.
You visited 1 branch of the dungeon, and saw 3 of its levels.

You collected 190 gold pieces.

Inventory:

Hand Weapons
 a - a +0 war axe (weapon)
Armour
 b - a +0 scale mail (worn)
 c - a +0 buckler (worn)
 f - a +0 pair of gloves (worn)
Jewellery
 j - a +6 ring of intelligence
Scrolls
 h - a scroll of enchant weapon {unknown}
 k - a scroll of enchant armour {unknown}
 l - 4 scrolls of identify {unknown}
 m - a scroll of poison {unknown}
 n - a scroll of immolation {unknown}
 o - a scroll of vulnerability {unknown}
 p - a scroll of teleportation {unknown}
Potions
 d - a potion of might
 g - a potion of degeneration {unknown}
 i - 2 potions of heal wounds {unknown}


   Skills:
 + Level 4.6 Fighting
 + Level 3.3 Axes
 + Level 4.4 Armour
 + Level 2.1 Dodging
 + Level 4.0 Shields
 + Level 1.4 Invocations
 + Level 2.1 Evocations


You had 5 spell levels left.
You didn't know any spells.
Your spell library contained the following spells:

 Spells                   Type           Power      Damage    Failure   Level
 Hailstorm                Conj/Ice       0%         3d3       99%         3
 Leda's Liquefaction      Hex/Erth       0%         N/A       100%        4
 Summon Ice Beast         Ice/Summ       0%         N/A       100%        4
 Lee's Rapid Deconstruct  Erth           0%         3d4*      100%        5
 Leda's Unmaking          Conj/Erth      0%         9d1       100%        6
 Simulacrum               Ice/Necr       0%         N/A       100%        6


Dungeon Overview and Level Annotations

Branches:
Dungeon (3/15)

Altars:


Innate Abilities, Weirdness & Mutations

You are amphibious.
You cover ground slowly.
You can hop short distances.
You have an extended range of vision and can be seen from far away.


Message History

You are too injured to fight recklessly!
You are too injured to fight recklessly!
You are too injured to fight recklessly!
You are too injured to fight recklessly!
You are too injured to fight recklessly!
You are too injured to fight recklessly!
You are too injured to fight recklessly!
You are too injured to fight recklessly!
You are too injured to fight recklessly!
You are too injured to fight recklessly!
You are too injured to fight recklessly!
You are too injured to fight recklessly!
You are too injured to fight recklessly!
You are too injured to fight recklessly!
You are too injured to fight recklessly!
You are too injured to fight recklessly!
You are too injured to fight recklessly!
You are too injured to fight recklessly!
The gnoll hits you with a +0 spear. The gnoll hits you with a +0 halberd.
* * * LOW HITPOINT WARNING * * *
The gnoll barely misses you. The gnoll hits you but does no damage.
You slash the gnoll!
You kill the gnoll!
You closely miss the gnoll. You hit the gnoll. x2
The gnoll closely misses you. You block the gnoll's attack.
The gnoll hits you with a +0 halberd.
* * * LOW HITPOINT WARNING * * *
It was a potion of curing.
You feel better. The gnoll hits you with a +0 spear.
The gnoll hits you with a +0 halberd!
* * * LOW HITPOINT WARNING * * *
The gnoll barely misses you.
You feel better. The gnoll hits you with a +0 spear.
* * * LOW HITPOINT WARNING * * *
The gnoll hits you but does no damage. The gnoll hits you with a +0 halberd!
* * * LOW HITPOINT WARNING * * *
You slash the gnoll!
The gnoll is almost dead.
You slash the gnoll! You hit the gnoll but do no damage.
The gnoll hits you but does no damage. The gnoll hits you with a +0 halberd!
You die...

#.........# ######
#....)....###....#
#................#
#........###.....#
#........# ##.####
#........# ##'####
########## #.....#
#..)g.## #..@...#
#.gg....#
#.....#..#
#.....##.# #.$...#
.# #.....# #
#.....# #######


You could see 3 gnolls.

Vanquished Creatures
  Sigmund (D:2)
  2 adders
  A gnoll (D:3)
  A worm (D:2)
  4 ball pythons (D:2)
  6 endoplasms
  A giant cockroach (D:1)
  5 goblins
  4 hobgoblins
  7 jackals
  3 quokkas
  4 bats
  2 frilled lizards
  A kobold (D:1)
  4 rats
46 creatures vanquished.

Notes
Turn   | Place    | Note
-------+----------+-------------------------------------------
     0 | D:1      | Revguard the Barachi Fighter began the quest for the Orb.
     0 | D:1      | Reached XP level 1. HP: 18/18 MP: 1/1
   136 | D:1      | Found a faded altar of an unknown god.
   328 | D:1      | Reached XP level 2. HP: 23/25 MP: 2/2
   735 | D:2      | Reached skill level 1 in Evocations
   735 | D:2      | Reached XP level 3. HP: 28/30 MP: 3/3
   970 | D:2      | Noticed Sigmund
   978 | D:2      | Killed Sigmund
   979 | D:2      | Reached skill level 1 in Dodging
   979 | D:2      | Reached skill level 1 in Invocations
   979 | D:2      | Reached XP level 4. HP: 16/38 MP: 3/5
   979 | D:2      | Reached XP level 5. HP: 18/43 MP: 3/6
  1364 | D:3      | Reached XP level 6. HP: 40/49 MP: 7/7
  1445 | D:3      | Slain by a gnoll

Illustrated notes

Levels and vault maps discovered:
D:1:      denvon_arrival_planthouse, layout_basic, ebering_ecumenical_altar_webs
D:2:      layout_rooms, uniq_sigmund
D:3:      layout_basic, lemuel_doored_altar

Skill      XL: |  1  2  3  4  5 |
---------------+----------------+-----
Evocations     | 1 2 |  2.1
Fighting       | 4 |  4.6
Axes           | 3 |  3.3
Armour         | 4 |  4.4
Dodging        | 1 2 |  2.1
Invocations    | 1 |  1.4
Shields        | 4 |  4.0

Action                     |  1- 3 |  4- 6 || total
---------------------------+-------+-------++-------
  Melee: War axe           |    70 |    47 ||   117
    Use: Potion            |     1 |     2 ||     3
 Armour: Scale mail        |    57 |    56 ||   113
  Dodge: Dodged            |    45 |    27 ||    72
  Block: Buckler           |    30 |    13 ||    43

Table legend: (Time is in decaauts)
 A = Elapsed time spent in this place.
 B = Non-inter-level travel time spent in this place.
 C = Inter-level travel time spent in this place.
 D = Time resting spent in this place.
 E = Time spent auto-exploring this place.
 F = Levels seen in this place.
 G = Mean time per level.
                   A        B        C        D        E       F      G
               +--------+--------+--------+--------+--------+-----+--------+
         Total |   1706 |   1664 |     42 |     29 |   1226 |   3 |  568.7 |
       Dungeon |   1706 |   1664 |     42 |     29 |   1226 |   3 |  568.7 |
               +--------+--------+--------+--------+--------+-----+--------+

Top non-repeatable levels by time:
     D:2: 729 daAuts
     D:1: 655 daAuts
     D:3: 321 daAuts
